 Dungeon Crawl Stone Soup version 0.30.1-3-gfc49f6343a (webtiles) character file.

Game seed: 18259585679232297847

77 EC1 the Covert (level 4, -9/35 HPs)
             Began as a Vampire Delver on July 22, 2023.
             Mangled by an ice beast (11 damage)
             ... on level 5 of the Dungeon.
             The game lasted 00:00:17 (22 turns).

EC1 the Covert (Vampire Delver)                       Turns: 22, Time: 00:00:17

Health: -9/35      AC:  3    Str: 11    XL:     4   Next: 13%
Magic:  4/4        EV: 12    Int: 12    God:
Gold:   0          SH:  0    Dex: 17    Spells: 3/3 levels left

rFire   . . .        a - +0 short sword
rCold   . . .        (no shield)
rNeg    . . .        b - +0 leather armour
rPois   .            (no helmet)
rElec   .            (no cloak)
rCorr   .            (no gloves)
SInv    +            (no boots)
Will    .....        (no amulet)
Stlth   ++++         (no ring)
HPRegen 0.45/turn    (no ring)
MPRegen 0.09/turn

%: no passive effects
@: healing quickly
A: alive, fangs 3, see invisible, vampiric 2
a: Exsanguinate


You were on level 5 of the Dungeon.
You visited 1 branch of the dungeon, and saw 1 of its levels.

Inventory:

Hand Weapons
 a - a +0 short sword (weapon)
 h - a +0 shortbow
Armour
 b - a +0 leather armour (worn)
Wands
 g - a wand of digging (3)
Scrolls
 c - a scroll of fog
 d - a scroll of magic mapping
 e - a scroll of fear
Potions
 f - a potion of haste


   Skills:
 + Level 3.0 Fighting
 + Level 2.5 Short Blades
 + Level 2.3 Dodging
 + Level 9.1 Stealth


You had 3 spell levels left.
You didn't know any spells.
Your spell library was empty.

Dungeon Overview and Level Annotations

Branches:
Dungeon (5/15)
 Temple: D:4-7

Altars:


Innate Abilities, Weirdness & Mutations

Your natural rate of healing is accelerated.
You have razor-sharp teeth.
You have supernaturally acute eyesight. (SInv)
You are afflicted with vampirism and can become a bat while bloodless.


Message History

Press ? for a list of commands and other information.
Found a robe.
Found a stone staircase leading down.
A centaur comes into view.
Found a stone staircase leading up.
You see here a +0 robe.
Found a whip.
The helpless centaur fails to defend itself.
You impale the centaur!!
The centaur is almost dead.
The centaur barely misses you.
The centaur kicks you but does no damage.
You hit the centaur.
The centaur is almost dead.
The centaur closely misses you. The centaur barely misses you.
You hit the centaur.
You kill the centaur!
Your Fighting skill increases to level 3!
Your Stealth skill gained 2 levels and is now at level 9!
You have reached level 2!
You have reached level 3!
Your experience leads to an increase in your attributes!
Increase (S)trength, (I)ntelligence, or (D)exterity?
You feel agile. x2
You can now turn into a vampire bat when bloodless.
You have reached level 4!
You see here a +0 shortbow.
h - a +0 shortbow An ice beast comes into view.
You see here a +0 whip.
You hit the ice beast but do no damage.
The ice beast hits you but does no damage.
You barely miss the ice beast. The ice beast hits you.
The ice beast freezes you! The ice beast attacks as you move away!
The ice beast hits you. The ice beast freezes you!
* * * LOW HITPOINT WARNING * * *
The ice beast attacks as you move away! The ice beast hits you.
* * * LOW HITPOINT WARNING * * *
The ice beast freezes you!
You die...

# .###[..<.# .#
#..##.# .. #..#
#..# # .#
...####..##.#
..............#
.##.######..#####
..... #..........
......##@#..######
.......Y.#..#
......####..#
..... ...# ##..
#### ... .. #


You could see an ice beast.

Vanquished Creatures
  A centaur (D:5)
1 creature vanquished.

Notes
Turn   | Place    | Note
-------+----------+-------------------------------------------
     0 | D:5      | EC1 the Vampire Delver began the quest for the Orb.
     0 | D:5      | Reached XP level 1. HP: 17/17 MP: 1/1
     4 | D:5      | Noticed a centaur
    13 | D:5      | Killed a centaur
    14 | D:5      | Reached skill level 9 in Stealth
    14 | D:5      | Reached XP level 2. HP: 24/24 MP: 2/2
    14 | D:5      | Gained mutation: You are afflicted with vampirism and can
                  | become a bat while bloodless. [Vampire growth]
    14 | D:5      | Reached XP level 3. HP: 29/29 MP: 3/3
    14 | D:5      | Reached XP level 4. HP: 35/35 MP: 4/4
    17 | D:5      | Noticed an ice beast
    22 | D:5      | Mangled by an ice beast

Illustrated notes

Levels and vault maps discovered:
D:5:      layout_loops_ring, led_sif_pool, overflow_temple_1_default,
          grunt_dithmenos_smoke_and_mirrors, mainiacjoe_overflow_boulevard

Skill      XL: |  1 |
---------------+----+-----
Fighting       | 3 |  3.0
Stealth        | 9 |  9.1
Short Blades   | |  2.5
Dodging        | |  2.3

Action                     |  1- 3 |  4- 6 || total
---------------------------+-------+-------++-------
  Melee: Short sword       |     3 |     2 ||     5
   Stab: Sleeping          |     1 |       ||     1
 Armour: Leather armour    |     1 |     1 ||     2
  Dodge: Dodged            |     3 |       ||     3
